 Dungeon Crawl Stone Soup version 0.19.4 (webtiles) character file.

275 Raymar the Firebug (level 6, -1/38 HPs)
             Began as a High Elf Fire Elementalist on Feb 3, 2017.
             Was a Follower of Sif Muna.
             Slain by Bruncvik's ghost (11 damage)
             ... on level 3 of the Dungeon.
             The game lasted 00:16:20 (5144 turns).

Raymar the Firebug (High Elf Fire Elementalist)     Turns: 5144, Time: 00:16:20

Health: -1/38      AC:  6    Str:  7    XL:     6   Next: 3%
Magic:  0/13       EV: 12    Int: 20    God:    Sif Muna [*.....]
Gold:   123        SH:  0    Dex: 17    Spells: 3 memorised, 7 levels left

rFire  + + .     SeeInvis .     m - +3 dagger (protect)
rCold  + + .     Gourm    .     f - +3 leather armour {rF+}
rNeg   . . .     Faith    .     (no shield)
rPois  +         Spirit   .     (no helmet)
rElec  +         Reflect  .     (no cloak)
rCorr  +         Harm     .     (no gloves)
MR     .....                    (no boots)
Stlth  ++........               (no amulet)
                                (no ring)
                                i - ring of protection from cold

@: resistant
A: no striking features
a: Divine Energy, Renounce Religion


You were on level 3 of the Dungeon.
You worshipped Sif Muna.
Sif Muna was aware of your devotion.
You were not hungry.

You visited 1 branch of the dungeon, and saw 3 of its levels.

You collected 123 gold pieces.

Inventory:

Hand Weapons
 m - a +3 dagger of protection (weapon)
Missiles
 c - 185 stones (quivered)
Armour
 f - a +3 leather armour of fire resistance (worn)
Jewellery
 i - a ring of protection from cold (left hand)
Scrolls
 e - 2 scrolls of identify
 g - 2 scrolls of enchant armour
 k - 4 scrolls of remove curse
 l - a scroll of fog
Potions
 h - 2 potions of agility
Books
 b - a book of Flames

   Spells                             Type                      Level
   a - Flame Tongue                   Conjuration/Fire             1
   b - Throw Flame                    Conjuration/Fire             2
   c - Conjure Flame                  Conjuration/Fire             3
   d - Inner Flame                    Hexes/Fire                   3
   e - Sticky Flame                   Conjuration/Fire             4
   f - Fireball                       Conjuration/Fire             5
Comestibles
 a - a meat ration
 d - 2 beef jerkies


   Skills:
 + Level 1.0 Fighting
 * Level 3.1 Short Blades
 + Level 2.8 Dodging
 + Level 2.7 Stealth
 + Level 4.0 Spellcasting
 + Level 2.3 Conjurations
 + Level 4.1 Fire Magic


You had 7 spell levels left.
You knew the following spells:

 Your Spells              Type           Power        Failure   Level  Hunger
a - Flame Tongue          Conj/Fire      ###..        6%          1    None
b - Throw Flame           Conj/Fire      ###...       10%         2    #......
c - Conjure Flame         Conj/Fire      ###.....     17%         3    ###....


Dungeon Overview and Level Annotations

Branches:
Dungeon (3/15)

Altars:
Okawaru
Sif Muna

Annotations:
D:3 Bruncvik's ghost, amateur DDFi


Message History

Bruncvik's ghost barely misses you.
You see here a kobold skeleton.
Casting: Flame Tongue
Confirm with . or Enter, or press ? or * to list all spells.
Aiming: Flame Tongue
Press: ? - help, Shift-Dir - straight line, f/p - Bruncvik's ghost
Aim: Bruncvik's ghost (severely damaged)
The flame tongue hits Bruncvik's ghost.
Bruncvik's ghost appears unharmed.
Bruncvik's ghost is severely damaged.
Bruncvik's ghost hits you!
* * * LOW HITPOINT WARNING * * *
Casting: Flame Tongue
Confirm with . or Enter, or press ? or * to list all spells.
Aiming: Flame Tongue
Press: ? - help, Shift-Dir - straight line, f/p - Bruncvik's ghost
Aim: Bruncvik's ghost (severely damaged)
The flame tongue hits Bruncvik's ghost.
Bruncvik's ghost is severely damaged.
Bruncvik's ghost hits you!
You die...

#.# ####.# #.# #..#.# # #.#
#..#.# ## #.# #..#.###≈ #.#
#).#.##≈≈ #.##### #))#.##≈≈
#.....# #).#.##≈≈
#####.###################).#.##≈≈
#........÷.W@.).....)[.#.##≈≈
#####################.##.##≈≈
#.....##≈≈ ########≈≈ #≈≈ #≈≈ #≈≈
#≈≈ #≈≈


You could see Bruncvik's ghost.

Vanquished Creatures
  Jessica (D:3)
  Ijyb (D:3)
  2 orc wizards (D:3)
  A gnoll (D:3)
  3 adders
  3 oozes
  2 worms (D:3)
  2 dart slugs (D:1)
  A leopard gecko (D:1)
  15 orcs (D:3)
  2 ball pythons (D:3)
  10 bats
  2 giant cockroaches (D:1)
  14 goblins
  7 hobgoblins
  9 jackals (D:3)
  4 frilled lizards
  8 kobolds
  6 rats
93 creatures vanquished.

Notes
Turn   | Place    | Note
-------+----------+-------------------------------------------
     0 | D:1      | Raymar the High Elf Fire Elementalist began the quest for the Orb.
     0 | D:1      | Reached XP level 1. HP: 11/11 MP: 4/4
   257 | D:1      | Reached XP level 2. HP: 16/17 MP: 0/6
   711 | D:1      | Learned a level 2 spell: Throw Flame
  1244 | D:1      | Reached XP level 3. HP: 21/21 MP: 0/8
  1382 | D:1      | Reached skill level 1 in Short Blades
  1447 | D:1      | Learned a level 3 spell: Conjure Flame
  2078 | D:2      | Found a deep blue altar of Sif Muna.
  2087 | D:2      | Became a worshipper of Sif Muna the Loreminder
  2489 | D:2      | Found a faded altar of an unknown god.
  2579 | D:3      | Reached XP level 4. HP: 23/27 MP: 6/9
  2859 | D:3      | Found an iron altar of Okawaru.
  3433 | D:3      | Noticed Jessica
  3436 | D:3      | Killed Jessica
  3436 | D:3      | Reached XP level 5. HP: 31/31 MP: 1/11
  4075 | D:3      | Noticed Ijyb
  4158 | D:3      | Killed Ijyb
  4806 | D:3      | Reached skill level 1 in Fighting
  4904 | D:3      | Reached XP level 6. HP: 38/38 MP: 10/13
  4995 | D:3      | Reached * piety under Sif Muna
  5093 | D:3      | Noticed Bruncvik's ghost (amateur DDFi)
  5144 | D:3      | Slain by Bruncvik's ghost

Skill      XL: |  1  2  3  4  5 |
---------------+----------------+-----
Short Blades   | 1 2 3 |  3.1
Spellcasting   | 3 4 |  4.0
Fire Magic     | 4 |  4.1
Conjurations   | 2 |  2.3
Fighting       | 1 |  1.0
Dodging        | |  2.8
Stealth        | |  2.7

Action                   |  1- 3 |  4- 6 || total
-------------------------+-------+-------++-------
Melee: Unarmed           |    27 |       ||    27
       Short sword       |     6 |    72 ||    78
       Dagger            |       |    27 ||    27
 Cast: Flame Tongue      |    34 |    62 ||    96
       Throw Flame       |    27 |    51 ||    78
  Use: Scroll            |     5 |     4 ||     9
       Potion            |     6 |     4 ||    10
  Eat: Meat ration       |     1 |     1 ||     2
       Bread ration      |     2 |       ||     2
Armor: Robe              |     6 |    14 ||    20
       Leather armour    |       |    12 ||    12
Dodge: Dodged            |    38 |    94 ||   132
